 Dungeon Crawl Stone Soup version 0.30-a0-469-g84de5afbc5 (webtiles) character file.

Game seed: 12332725449022311899

2210 p00ps00p the Cleaver (level 9, -9/81 HPs)
             Began as a Hill Orc Fighter on Dec 19, 2022.
             Was an Initiate of Gozag.
             Killed by divine providence
             ... invoked by an orc priest
              (11 damage)
             ... on level 7 of the Dungeon.
             The game lasted 00:10:09 (6134 turns).

p00ps00p the Cleaver (Hill Orc Fighter)             Turns: 6134, Time: 00:10:09

Health: -9/81      AC: 15    Str: 23    XL:     9   Next: 35%
Magic:  9/9        EV:  8    Int:  8    God:    Gozag
Gold:   172        SH:  5    Dex: 10    Spells: 8/8 levels left

rFire   . . .      SeeInvis .    a - +1 war axe
rCold   . . .      Faith    .    c - +0 buckler
rNeg    . . .      Spirit   .    b - +2 chain mail {rPois}
rPois   +          Reflect  .    (no helmet)
rElec   .          Harm     .    (no cloak)
rCorr   +          Rampage  .    l - +0 pair of gloves
Will    .....                    m - +0 pair of boots
Stlth   ..........               j - amulet of regeneration
HPRegen 1.13/turn                v - ring of resist corrosion
MPRegen 0.11/turn                (no ring)

@: about to teleport, gold aura
A: no striking features
a: Renounce Religion, Convert to Beogh, Potion Petition, Call Merchant, Bribe
Branch


You were on level 7 of the Dungeon.
You worshipped Gozag.
Gozag was aware of your devotion.
You visited 2 branches of the dungeon, and saw 8 of its levels.
You also visited: Sewer.

You collected 497 gold pieces.
You spent 217 gold pieces at shops.
You paid 108 gold pieces to Gozag.

Inventory:

Hand Weapons
 a - a +1 war axe (weapon)
Armour
 b - a +2 chain mail of poison resistance (worn)
 c - a +0 buckler (worn)
 l - a +0 pair of gloves (worn)
 m - a +0 pair of boots (worn)
Jewellery
 j - an amulet of regeneration (around neck)
 v - a ring of resist corrosion (left hand)
Wands
 p - a wand of polymorph (4)
 y - a wand of flame (10)
Scrolls
 h - a scroll of teleportation
 i - 4 scrolls of butterflies
 q - a scroll of silence
Potions
 f - 4 potions of mutation
 g - a potion of curing {unknown}
 o - a potion of lignification {unknown}
 u - a potion of berserk rage {unknown}
 w - a potion of brilliance {unknown}


   Skills:
 + Level 8.1 Fighting
 + Level 8.3 Axes
 + Level 7.4 Armour
 + Level 7.4 Shields


You had 8 spell levels left.
You didn't know any spells.
Your spell library contained the following spells:

 Spells                   Type           Power      Damage    Failure   Level
 Anguish                  Hex/Necr       0%         N/A       100%        4
 Summon Lightning Spire   Summ/Air       0%         N/A       100%        4
 Enfeeble                 Hex            0%         N/A       100%        7
 Storm Form               Tmut/Air       0%         N/A       100%        7
 Maxwell's Capacitive Co  Air            0%         ∞         100%        8


Dungeon Overview and Level Annotations

Branches:
Dungeon (7/15)             Temple (1/1) D:6           Sewer (visited)

Altars:
Ashenzari
Cheibriados
Dithmenos
Fedhas
Gozag
Hepliaklqana
Makhleb
Nemelex Xobeh
Okawaru
Qazlal
Sif Muna
Uskayaw
Vehumet
Yredelemnul
Zin
The Shining One

Shops:
D:7 *


Message History

Unknown command.
You are too injured to fight recklessly!
Unknown command.
You hit the orc priest but do no damage.
The orc is no longer distracted by gold.
An orc comes into view. It is wielding a +0 flail.
The orc priest hits you but does no damage.
The orc priest mumbles some strange prayers to Beogh against you.
Beogh smites you!
* * * LOW HITPOINT WARNING * * *
You hear a shout!
You closely miss the orc priest.
The orc priest hits you but does no damage.
An orc priest comes into view. It is wielding a +0 flail.
The orc priest calls down the wrath of Beogh upon you.
Pain shoots through your body!
* * * LOW HITPOINT WARNING * * *
Unknown command.
As you read the scroll of teleportation, it crumbles to dust.
You feel strangely unstable.
The orc wizard gestures wildly while chanting.
The orc wizard flickers and vanishes!
You block the orc priest's attack.
The orc priest mumbles some strange prayers to Beogh against you.
Beogh smites you!
* * * LOW HITPOINT WARNING * * *
You slash the orc priest!
The orc priest is almost dead.
The orc priest casts a cantrip, but nothing happens.
The orc priest is distracted by your dazzling golden aura.
Unknown command.
You barely miss the orc priest.
The orc priest is almost dead.
The orc priest hits you with a +0 falchion.
* * * LOW HITPOINT WARNING * * *
Unknown command.
The orc priest is no longer distracted by gold.
The orc priest calls down the wrath of Beogh upon you.
Beogh smites you!
You die...
Your body crumbles into a pile of gold.

#...<........######.#
#.##...............#.#
#
#.#####.##.####.#.###.
#.# #.##............
..# #.##.###....(... .
.### #.##.# #..#####.
#.. ###.##.###..#
#....###.......##..#
....{oo$@..........§
≈≈§≈S{§§≈≈≈.≈≈≈≈≈.≈§≈
≈###≈o§###≈.≈###≈.≈##
#≈o§ #≈.≈# ≈.≈# #§o≈
#§.≈# .≈# §≈≈.≈ ≈≈.≈≈§
# ..o.. .....§.§ #
≈≈≈§.≈ ≈≈≈≈ #


You could see a lava snake, 2 orc priests and an orc.

Vanquished Creatures
  Pikel (D:4)
  Pargi (Sewer)
  An orc warrior (D:7)
  A sky beast (D:7)
  3 ogres
  A kobold brigand (D:6)
  2 lemures (D:4)
  A bullfrog (D:6)
  A necrophage (D:7)
  A scorpion (D:6)
  A gnoll sergeant (D:6)
  4 wights (D:7)
  A howler monkey (D:5)
  5 hounds
  2 orc priests (D:7)
  3 jellies
  2 iguanas
  3 orc wizards
  4 gnolls (D:6)
  8 adders
  2 shadow imps
  A white imp (D:5)
  3 ufetubi
  3 dart slugs
  10 orcs
  5 bats
  8 endoplasms
  4 giant cockroaches
  9 goblins
  10 hobgoblins
  4 jackals (D:1)
  17 kobolds
  11 quokkas
  7 ball pythons
  5 frilled lizards
  2 rats (D:1)
147 creatures vanquished.

Vanquished Creatures (others)
  An orc wizard (D:7)
1 creature vanquished.

Grand Total: 148 creatures vanquished

Notes
Turn   | Place    | Note
-------+----------+-------------------------------------------
     0 | D:1      | p00ps00p the Hill Orc Fighter began the quest for the Orb.
     0 | D:1      | Reached XP level 1. HP: 19/19 MP: 1/1
    46 | D:1      | Reached XP level 2. HP: 26/27 MP: 2/2
   233 | D:1      | Reached XP level 3. HP: 33/33 MP: 3/3
  1079 | D:2      | Reached XP level 4. HP: 40/40 MP: 4/4
  2162 | D:4      | Noticed an ogre
  2170 | D:4      | Reached XP level 5. HP: 46/47 MP: 5/5
  2178 | D:4      | Killed an ogre
  2214 | D:4      | Found a glowing drain.
  2232 | Sewer    | Entered a sewer
  2257 | Sewer    | Noticed Pargi
  2265 | Sewer    | Killed Pargi
  2266 | Sewer    | Reached skill level 5 in Fighting
  2266 | Sewer    | Reached XP level 6. HP: 44/56 MP: 6/6
  2493 | D:4      | Reached skill level 5 in Axes
  2920 | D:4      | Reached skill level 5 in Shields
  2955 | D:4      | Reached skill level 5 in Armour
  2967 | D:4      | Reached XP level 7. HP: 58/61 MP: 7/7
  3014 | D:4      | Noticed Pikel
  3035 | D:4      | Killed Pikel
  3036 | D:4      | Reached XP level 8. HP: 37/71 MP: 8/8
  3235 | D:4      | Found a glowing silver altar of Zin.
  3235 | D:4      | Found a shimmering blue altar of Sif Muna.
  3347 | D:5      | Entered Level 5 of the Dungeon
  4227 | D:6      | Found a snail-covered altar of Cheibriados.
  4674 | D:6      | Found a staircase to the Ecumenical Temple.
  4747 | Temple   | Entered the Ecumenical Temple
  4755 | Temple   | Became a worshipper of Gozag Ym Sagoz the Greedy
  4908 | Temple   | Upgraded the game from 0.30-a0-465-g8901f6c8b5 to
                  | 0.30-a0-469-g84de5afbc5
  5234 | D:7      | Found Gokucvil's Assorted Antiques.
  5237 | D:7      | Bought a shiny chain mail for 217 gold pieces
  5266 | D:7      | Reached XP level 9. HP: 40/77 MP: 9/9
  5288 | D:7      | HP: 1/81 [something (9)]
  6131 | D:7      | HP: 1/81 [orc priest/divine providence (10)]
  6134 | D:7      | Killed from afar by an orc priest

Illustrated notes

Levels and vault maps discovered:
D:1:      dpeg_arrival_leaves_temple_mockup, layout_loops_ring
D:2:      layout_rooms, kennysheep_generic_room_10
D:3:      layout_basic
D:4:      layout_loops_cross, gammafunk_temple_overflow_elements,
          portal_sewer_entry_f, minmay_pentomino_pile, uniq_pikel
D:5:      layout_loops_ring
D:6:      layout_loops_ring, mainiacjoe_overflow_boulevard, temple_doors_cd
D:7:      layout_loops_ring, serial_shops, nicolae_stop_n_shop_1, minivault_10,
          kennysheep_boxes, uniq_crazy_yiuf_cottage
Temple:   nicolae_temple_bog_church

Skill      XL: |  1  2  3  4  5  6  7  8  9 |
---------------+----------------------------+-----
Axes           | 3 4 5 6 7 8 |  8.3
Fighting       | 4 5 6 7 8 |  8.1
Shields        | 4 5 7 |  7.4
Armour         | 4 5 6 7 |  7.4

Action                   |  1- 3 |  4- 6 |  7- 9 || total
-------------------------+-------+-------+-------++-------
Melee: War axe           |    99 |   155 |   263 ||   517
       Unarmed           |       |     3 |       ||     3
Evoke: Wand              |       |       |     3 ||     3
  Use: Scroll            |     4 |     7 |     9 ||    20
       Potion            |       |       |    10 ||    10
 Stab: Distracted        |       |       |     1 ||     1
Armor: Scale mail        |    40 |    46 |       ||    86
       Skin              |       |     1 |       ||     1
       Plate armour      |       |    48 |   124 ||   172
       Chain mail        |       |       |    65 ||    65
Dodge: Dodged            |    41 |    64 |    83 ||   188
Block: Buckler           |    31 |    40 |    71 ||   142

Table legend: (Time is in decaauts)
 A = Elapsed time spent in this place.
 B = Non-inter-level travel time spent in this place.
 C = Inter-level travel time spent in this place.
 D = Time resting spent in this place.
 E = Time spent auto-exploring this place.
 F = Levels seen in this place.
 G = Mean time per level.
                   A        B        C        D        E       F      G
               +--------+--------+--------+--------+--------+-----+--------+
         Total |   6262 |   5840 |    422 |    547 |   4025 |   9 |  695.8 |
       Dungeon |   5807 |   5404 |    403 |    547 |   3714 |   7 |  829.6 |
        Temple |    187 |    169 |     18 |      0 |    149 |   1 |  187.0 |
         Sewer |    267 |    267 |      0 |      0 |    162 |   1 |  267.0 |
               +--------+--------+--------+--------+--------+-----+--------+

Top non-repeatable levels by time:
     D:1: 1051 daAuts
     D:6: 980 daAuts
     D:4: 971 daAuts
     D:5: 921 daAuts
     D:7: 734 daAuts
     D:3: 635 daAuts
     D:2: 512 daAuts
   Sewer: 267 daAuts
  Temple: 187 daAuts
